 Dungeon Crawl Stone Soup version 0.18.1-48-g4cf74bf (webtiles) character file.

1417 antantant the Cleaver (level 8, -9/71 HPs)
             Began as a Minotaur Fighter on July 25, 2016.
             Was a Believer of Trog.
             Mangled by an orc warrior
             ... wielding a +0 dire flail of crushing
              (12 damage)
             ... on level 6 of the Dungeon.
             The game lasted 00:15:22 (3631 turns).

antantant the Cleaver (Minotaur Fighter)            Turns: 3631, Time: 00:15:23

Health: -9/71      AC: 11    Str: 23    XL:     8   Next: 43%
Magic:  7/7        EV:  9    Int:  5    God:    Trog [**....]
Gold:   248        SH:  9    Dex: 10    Spells: 0 memorised, 7 levels left

rFire  . . .     SeeInvis .     a - +0 war axe
rCold  . . .     Gourm    .     b - +0 scale mail
rNeg   . . .     Faith    .     c - +0 shield
rPois  .         Spirit   .     (helmet restricted)
rElec  .         Dismiss  .     s - +0 cloak
rCorr  .         Reflect  .     m - +0 pair of gloves
SustAt .         Harm     .     u - +0 pair of boots
MR     .....                    (no amulet)
Stlth  ..........               (no ring)
                                (no ring)

@: not resistant to hostile enchantments, extremely unstealthy
A: retaliatory headbutt, horns 2
a: Berserk, Trog's Hand, Burn Spellbooks, Renounce Religion


You were on level 6 of the Dungeon.
You worshipped Trog.
Trog was pleased with you.
You were not hungry.

You visited 1 branch of the dungeon, and saw 6 of its levels.

You collected 248 gold pieces.

Inventory:

Hand Weapons
 a - a +0 war axe (weapon)
Armour
 b - a +0 scale mail (worn)
 c - a +0 shield (worn)
 m - a +0 pair of gloves (worn)
 s - a +0 cloak (worn)
 u - a +0 pair of boots (worn)
Jewellery
 B - an uncursed ring of see invisible {unknown}
Scrolls
 e - 2 scrolls of teleportation
 g - 6 scrolls of identify
 l - a scroll of enchant weapon {unknown}
 o - 2 scrolls of enchant armour {unknown}
 p - a scroll of immolation {unknown}
 q - 2 scrolls of fear {unknown}
 v - 3 scrolls of remove curse
 x - a scroll of noise {unknown}
 y - 2 scrolls of fog {unknown}
 z - a scroll of blinking {unknown}
 C - a scroll of amnesia {unknown}
Potions
 d - 3 potions of might
 h - 2 potions of ambrosia {unknown}
 i - 2 potions of curing
 j - a potion of lignification {unknown}
 k - a potion of magic {unknown}
 n - 3 potions of resistance
 t - a potion of flight {unknown}
 A - a potion of berserk rage {unknown}
Comestibles
 f - 6 bread rations
 r - 2 meat rations
 w - 2 beef jerkies
 D - 6 chunks of flesh


   Skills:
 + Level 6.7 Fighting
 * Level 8.2 Axes
 + Level 6.5 Armour
 + Level 5.0 Dodging
 - Level 3.6 Shields


You had 7 spell levels left.
You didn't know any spells.

Dungeon Overview and Level Annotations

Branches:
Dungeon (6/15)             Temple (0/1) D:4

Altars:
Gozag
Ru
Trog
The Shining One

Shops:
D:4 :   D:6 *


Innate Abilities, Weirdness & Mutations

You reflexively headbutt those who attack you in melee.
You have a pair of horns on your head.


Message History

You hit the orc warrior but do no damage.
The orc warrior is severely wounded.
The orc warrior hits you with a dire flail of crushing!
* * * LOW HITPOINT WARNING * * *
x2 You are too injured to fight recklessly!
You are too injured to fight recklessly!
Unknown command.
You are too injured to fight recklessly!
You hit the orc warrior.
The orc warrior is severely wounded.
The orc warrior hits you with a dire flail of crushing!
* * * LOW HITPOINT WARNING * * *
x2 Your shield prevents you from hitting the orc warrior.
You headbutt the orc warrior.
The orc warrior is almost dead.
You block the orc warrior's attack.
You closely miss the orc warrior. You headbutt the orc warrior.
The orc warrior is almost dead.
The orc warrior hits you with a dire flail of crushing!
You die...

...........#..................##.
............†.........#######.##.
#############.######### #.##.
...........# #.##. ...........#
#.##. ...........# #.##.
...........# #.##. ####
...........# #.##. ...#
..........@# #.... ##.#
..........o)....# ##### #.#
...........###### #.#
...........# #.# ############
##.# ...# ####


You could see an orc warrior.

Vanquished Creatures
  Eustachio (D:5)
  2 sky beasts (D:5)
  An ogre (D:6)
  3 centaurs
  A giant frog (D:6)
  Blork the orc (D:5)
  2 howler monkeys
  2 crimson imps (D:6)
  A centaur zombie (D:5)
  A giant frog zombie (D:6)
  2 hounds
  A centaur skeleton (D:4)
  An orc priest (D:5)
  Crazy Yiuf (D:2)
  An orc wizard (D:4)
  An iguana (D:5)
  A hound skeleton (D:4)
  A howler monkey zombie (D:4)
  A worker ant zombie (D:6)
  5 adders
  4 gnolls (D:5)
  An adder skeleton (D:5)
  3 worms
  3 dart slugs
  A giant gecko (D:2)
  21 orcs
  5 giant cockroaches
  6 goblins
  7 hobgoblins
  2 jackals (D:3)
  5 kobolds
  2 quokkas
  3 bats
  3 giant newts
  A jackal skeleton (D:4)
  7 rats (D:3)
104 creatures vanquished.

Notes
Turn   | Place    | Note
--------------------------------------------------------------
     0 | D:1      | antantant the Minotaur Fighter began the quest for the Orb.
     0 | D:1      | Reached XP level 1. HP: 19/19 MP: 0/0
   358 | D:1      | Reached skill level 1 in Dodging
   358 | D:1      | Reached XP level 2. HP: 27/27 MP: 1/1
   668 | D:2      | Reached skill level 3 in Axes
   938 | D:2      | Noticed Crazy Yiuf
   943 | D:2      | Killed Crazy Yiuf
   943 | D:2      | Reached XP level 3. HP: 33/33 MP: 2/2
  1191 | D:3      | Reached XP level 4. HP: 33/40 MP: 3/3
  1208 | D:3      | Reached skill level 4 in Axes
  1404 | D:3      | Noticed a moth of wrath
  1407 | D:3      | Found a bloodstained altar of Trog.
  1451 | D:3      | Became a worshipper of Trog the Wrathful
  1502 | D:3      | Reached XP level 5. HP: 42/47 MP: 4/4
  1619 | D:4      | Found Qifissi's Book Emporium.
  1922 | D:4      | Found a staircase to the Ecumenical Temple.
  2158 | D:4      | Reached * piety under Trog
  2299 | D:4      | Reached skill level 5 in Fighting
  2299 | D:4      | Reached skill level 5 in Axes
  2299 | D:4      | Reached XP level 6. HP: 54/56 MP: 5/5
  2441 | D:4      | Found a sacrificial altar of Ru.
  2442 | D:4      | Found a glowing golden altar of the Shining One.
  2536 | D:5      | Entered Level 5 of the Dungeon
  2540 | D:5      | Reached skill level 5 in Armour
  2573 | D:5      | Noticed a sky beast
  2593 | D:5      | Killed a sky beast
  2639 | D:5      | Reached skill level 6 in Axes
  2639 | D:5      | Reached XP level 7. HP: 56/61 MP: 6/6
  2720 | D:5      | Noticed Blork the orc
  2721 | D:5      | Noticed Eustachio
  2732 | D:5      | Killed Blork the orc
  2750 | D:5      | Killed Eustachio
  2875 | D:5      | Reached skill level 7 in Axes
  3039 | D:6      | Found an opulent altar of Gozag.
  3039 | D:6      | Found Gozag's Platinum Reserve.
  3115 | D:6      | Reached XP level 8. HP: 66/70 MP: 7/7
  3535 | D:6      | Reached ** piety under Trog
  3535 | D:6      | Reached skill level 8 in Axes
  3540 | D:6      | Reached skill level 5 in Dodging
  3629 | D:6      | HP: 3/71 [orc warrior/dire flail of crushing (14)]
  3631 | D:6      | Mangled by an orc warrior

Skill      XL: |  1  2  3  4  5  6  7  8 |
---------------+-------------------------+-----
Dodging        | 1 2 3 4 5 |  5.0
Axes           | 3 4 5 6 7 8 |  8.2
Fighting       | 4 5 6 |  6.7
Armour         | 4 5 6 |  6.5
Shields        | |  3.6

Action                   |  1- 3 |  4- 6 |  7- 9 || total
-------------------------+-------+-------+-------++-------
Melee: War axe           |    66 |   147 |   122 ||   335
       Headbutt          |    10 |    21 |    26 ||    57
Invok: Burn Spellbooks   |       |     1 |       ||     1
  Use: Scroll            |     3 |       |     1 ||     4
  Eat: Chunk             |       |     6 |     2 ||     8
       Beef jerky        |       |       |     1 ||     1
Armor: Scale mail        |    26 |    91 |    50 ||   167
Dodge: Dodged            |    20 |    55 |    47 ||   122
Block: Shield            |    35 |    97 |    49 ||   181
